Map: Nightshade LE

Players

LkASr - Winner!

  • Race: Terran Terran
  • Spawn Location: 11:00

Eisendrache

  • Race: Zerg Zerg
  • Spawn Location: 5:00

VOD

Have the link to the VOD?

Description

Not sure what I could say about this, since I'm new to sc2

Time

  • Played on: Dec. 24, 2019, 10:05 p.m.
  • Length: 11:49
Show
View Real Time Build Order
Export as new Build Order

LkASr Terran - Winner!

Build Orders:  

Get SALT Encoding   

  12  0:01  SCV  
  13  0:13  SCV  
  14  0:25  SCV  
  14  0:27  Supply Depot  
  15  0:39  Supply Depot  
  15  0:53  Barracks  
  15  0:55  SCV  
  16  1:05  Supply Depot  
  16  1:07  SCV  
  17  1:18  Refinery  
  17  1:19  SCV  
  18  1:31  SCV  
  19  1:43  Marine, SCV  
  21  1:52  Refinery  
  21  1:56  SCV  
  22  2:01  Marine  
  22  2:08  SCV  
  24  2:20  SCV  
  25  2:32  SCV  
  25  2:35  Barracks Reactor  
  26  2:44  SCV  
  27  2:56  SCV  
  27  2:58  Factory  
  28  3:04  Barracks  
  28  3:08  SCV  
  28  3:09  Barracks  
  29  3:13  Marine x2  
  31  3:20  SCV  
  31  3:24  Supply Depot  
  32  3:31  Marine x2  
  32  3:32  SCV  
  35  3:45  Factory Tech Lab  
  35  3:49  Marine x2  
  37  3:58  Orbital Command  
  37  4:00  Supply Depot  
  37  4:04  Siege Tank  
  37  4:07  Marine x2  
  42  4:11  Barracks Tech Lab  
  42  4:15  Factory  
  42  4:16  Barracks Tech Lab  
  42  4:20  Bunker  
  42  4:25  Marine x2  
  44  4:42  Marine x2  
  46  4:57  Marauder x2  
  50  5:00  Marine  
  50  5:05  Marine  
  52  5:09  Supply Depot  
  52  5:18  Marauder x2  
  34  6:04  SCV  
  27  6:16  Command Center  
  22  6:32  Marine x2  
  20  6:50  Marine x2  
  19  7:08  Marine x2  
  21  7:43  SCV  
  22  7:46  Factory Tech Lab  
  15  7:55  SCV  
  14  8:07  SCV  
  15  8:19  SCV  
  16  8:26  Marine x2  
  18  8:31  SCV  
  19  8:43  SCV  
  19  8:44  Marine x2  
  23  8:55  SCV  
  23  9:07  SCV  
  24  9:19  SCV  
  25  9:32  SCV  
  26  9:44  SCV  
  27  9:46  Marine  
  27  9:47  Marine  
  29  9:56  SCV  
  30  10:04  Marine x2  
  28  10:58  SCV  
  29  11:10  SCV  
  30  11:23  SCV  
Show
View Real Time Build Order
Export as new Build Order

Eisendrache Zerg 

Build Orders: Pool First 

Get SALT Encoding   

  12  0:03  Drone  
  13  0:08  Drone  
  14  0:17  Extractor  
  13  0:23  Drone x2, Extractor  
  14  0:30  Overlord  
  14  0:43  Overlord  
  14  0:48  Drone  
  15  0:58  Drone  
  16  1:08  Drone  
  17  1:19  Drone  
  17  1:24  Spawning Pool  
  17  1:31  Drone  
  18  1:38  Evolution Chamber  
  17  1:47  Overlord  
  17  2:05  Zerg Melee Weapons Level 1  
  17  2:12  Zergling x2  
  17  2:13  Zergling x4  
  17  2:14  Queen  
  22  2:16  Metabolic Boost  
  22  2:24  Zergling x2  
  23  2:36  Zergling x2  
  24  2:45  Zergling x2  
  25  2:56  Zergling x2  
  26  2:59  Lair  
  26  3:07  Zergling x2  
  27  3:17  Zergling x2  
  28  3:24  Zergling x2  
  28  3:25  Zergling x4  
  31  3:30  Zergling x2  
  32  3:41  Zergling x2  
  33  3:55  Zergling x2  
  34  3:59  Zergling x6  
  37  4:20  Zergling x2  
  38  4:34  Overlord x3  
  38  4:35  Overlord x2  
  22  6:02  Drone x5  
  24  7:08  Hatchery  
  13  7:28  Zergling x2  
  13  7:29  Zergling x4  
  13  7:40  Extractor  
  13  7:42  Extractor  
  11  8:47  Overlord x3  
  9  9:20  Drone  
  9  9:21  Drone x2  
  12  9:52  Drone x2  
  13  10:11  Drone  
  13  10:12  Drone  
  13  10:49  Spawning Pool  
  12  10:51  Drone, Evolution Chamber  
  12  10:52  Drone x2  
Tags
 
Matchup
TvZ
Opening
Pool First
Spawn Locations
Cross Positions
Add a new tag
Caveats
  • Supply blocks, unpowered buildings, or Contaminate may cause inaccurate times.
  • Supply counts are checked every 10 seconds.